AoeStats
← Chor1z0

Arabia

508297871Analyzed
1v1 RM · 11d ago on Sep 21, 2026· 28m 44s· 2 players
Game mode
Random Map
Map size
Tiny (2 player)
Population
200
Speed
Normal
Resources
Standard
Victory
Conquest
Starting age
Dark Age
Ending age
Imperial Age
RankedLock teamsTeams togetherTeam positionsShared explorationLock speedFull tech treeHidden civsTurbo modeCheats
Victory
Defeat
🇵🇹 Franks · Portugal
837
+13
🇦🇷 Mongols · Argentina
777
-13
STITCH
6:54 Loom
9:54 Feudal Age
11:15 Double-Bit Axe
24:35 Wheelbarrow
27:21 Castle Age
25:41 Forging
25:37 Scale Barding Armor
28:12 Husbandry
Chor1z0
10:38 Feudal Age
10:44 Loom
13:44 Bloodlines
18:31 Double-Bit Axe
24:28 Castle Age
27:46 Padded Archer Armor
27:37 Fletching
Connection lost

Rejoining the realm…

Still unreachable

The connection could not be restored.

Session expired

The server has moved on; the page needs a fresh start.